 Dungeon Crawl Stone Soup version 0.19-a0 (webtiles) character file.

364 varam the Ruffian (level 6, 0/59 HPs)
             Began as a Troll Transmuter on Apr 27, 2016.
             Slain by an orc
             ... wielding a +0 club
              (6 damage)
             ... on level 4 of the Dungeon.
             The game lasted 00:08:02 (2273 turns).

varam the Ruffian (Troll Transmuter)                Turns: 2273, Time: 00:08:02

Health: 0/59       AC:  5    Str: 19    XL:     6   Next: 39%
Magic:  15/15      EV: 10    Int:  9    God:
Gold:   185        SH:  0    Dex: 12    Spells: 1 memorised, 6 levels left

rFire  . . .     SeeInvis .       - Unarmed
rCold  . . .     Gourm    +     b - +0 robe
rNeg   . . .     Faith    .     (no shield)
rPois  .         Spirit   .     (helmet restricted)
rElec  .         Dismiss  .     (no cloak)
rCorr  .         Reflect  .     (gloves unavailable)
SustAt .         Harm     .     (boots unavailable)
MR     .....                    (no amulet)
Stlth  +.........               (no ring)
                                e - ring of magical power

@: lethally poisoned (0 -> -1), not resistant to hostile enchantments, very
unstealthy
A: unfitting armour, claws 3, fast metabolism 3, gourmand, regeneration 2,
shaggy fur 1, tough skin 2
a: no special abilities


You were on level 4 of the Dungeon.
You were completely stuffed.

You visited 1 branch of the dungeon, and saw 4 of its levels.

You collected 185 gold pieces.

Inventory:

Missiles
 a - 32 arrows
Armour
 b - a +0 robe (worn)
Jewellery
 e - a ring of magical power (left claw)
 l - an uncursed ring of poison resistance {unknown}
 r - an uncursed amulet of magic regeneration {unknown}
 s - an uncursed ring of protection from cold {unknown}
Scrolls
 h - 2 scrolls of magic mapping {unknown}
 i - 3 scrolls of identify {unknown}
 j - 2 scrolls of noise {unknown}
Potions
 f - 5 potions of curing {unknown}
 g - 2 potions of invisibility {unknown}
 k - a potion of lignification {unknown}
 m - a potion of degeneration {unknown}
 n - a potion of berserk rage {unknown}
 o - 3 potions of beneficial mutation {unknown}
 q - a potion of brilliance {unknown}
Books
 c - a book of Changes

   Spells                             Type                      Level
   a - Beastly Appendage              Transmutation                1
   b - Sticks to Snakes               Transmutation                2
   c - Spider Form                    Transmutation/Poison         3
   d - Ice Form                       Ice/Transmutation            4
   e - Blade Hands                    Transmutation                5
Comestibles
 d - 2 bread rations
 p - 2 chunks of flesh


   Skills:
 + Level 2.5 Fighting
 + Level 3.0 Dodging
 + Level 4.4 Unarmed Combat
 - Level 1.2 Spellcasting
 + Level 2.9 Transmutations


You had 6 spell levels left.
You knew the following spells:

 Your Spells              Type           Power        Failure   Level  Hunger
a - Beastly Appendage     Trmt           #.....       12%         1    ##.....


Dungeon Overview and Level Annotations

Branches:
Dungeon (4/15)
 Temple: D:4-7

Altars:


Innate Abilities, Weirdness & Mutations

You are too large for most types of armour.
You have claws for hands.
Your metabolism is lightning-fast.
You like to eat raw meat.
You heal very quickly.
You are covered in fur (AC +1).
You have very tough skin (AC +2).


Message History

You feel sick. The orc hits you with a dagger.
* * * LOW HITPOINT WARNING * * *
You feel sick. The orc closely misses you.
Things that are here:
a trident; a runed leather armour; an orc corpse You closely miss the orc.
You feel sick. The orc barely misses you.
You are too injured to fight recklessly!
You are too injured to fight recklessly!
You are too injured to fight recklessly!
You are too injured to fight recklessly!
You are too injured to fight recklessly!
You closely miss the orc.
The orc is severely wounded.
You feel sick. The orc hits you but does no damage.
You closely miss the orc.
The orc is severely wounded.
You feel sick. The orc hits you with a dagger.
* * * LOW HITPOINT WARNING * * *
The orc hits you with a club.
You die...

#. . ########.%........#.# #.#.
..................#.#.# ####...
#+##.....#'#####.##.#.# ....?.#
##....#.# #.##.#.# ......#
#..#.#.# #.##.#.# ......##
##..#.#.# #.##.#.#
......#######..#.#.#####.##.#.#
####.#.........#o#).........#.###
#.#####.....#@oo.............. #.
#.o...###........(.#.### #.
#....................... #.
#....#####...........### #.
###### #.........(.### #.
#..........<...
#######.......[..####
.....................
##################.........#.##..


You could see 3 orcs.

Vanquished Creatures
  2 scorpions (D:4)
  An orc wizard (D:4)
  Ijyb (D:4)
  A centaur skeleton (D:4)
  An iguana (D:4)
  2 hound skeletons (D:4)
  4 gnolls (D:4)
  3 adders
  A dart slug (D:1)
  A giant gecko (D:3)
  5 orcs (D:4)
  2 ball pythons
  3 bats
  8 giant cockroaches
  9 goblins
  7 hobgoblins
  3 jackals (D:1)
  5 kobolds
  A quokka (D:3)
  2 giant newts
  6 rats
68 creatures vanquished.

Notes
Turn   | Place    | Note
--------------------------------------------------------------
     0 | D:1      | varam the Troll Transmuter began the quest for the Orb.
     0 | D:1      | Reached XP level 1. HP: 18/18 MP: 1/1
    82 | D:1      | Reached skill level 1 in Fighting
    84 | D:1      | Reached XP level 2. HP: 27/27 MP: 2/2
   847 | D:2      | Reached XP level 3. HP: 31/33 MP: 3/3
  1515 | D:3      | Reached XP level 4. HP: 41/41 MP: 4/4
  1617 | D:3      | Noticed an ice beast
  1628 | D:3      | HP: 1/41 [ice beast (12)]
  1832 | D:4      | Reached XP level 5. HP: 40/49 MP: 5/5
  1834 | D:4      | Reached skill level 4 in Unarmed Combat
  1984 | D:4      | Noticed Ijyb
  2017 | D:4      | Killed Ijyb
  2190 | D:4      | Reached XP level 6. HP: 48/58 MP: 6/6
  2273 | D:4      | Slain by an orc

Vault maps used:
D:1:      shiori_arrival_maze
D:2:      minmay_misc_feat_roman, wad_floor_pattern_1
D:4:      kennysheep_the_goblin_king, first_bread, johnstein_pakellas_shop

Skill      XL: |  1  2  3  4  5  6 |
---------------+-------------------+-----
Fighting       | 1 2 |  2.5
Dodging        | 2 3 |  3.0
Transmutations | 2 |  2.9
Unarmed Combat | 4 |  4.4
Spellcasting   | |  1.2

Action                   |  1- 3 |  4- 6 || total
-------------------------+-------+-------++-------
Melee: Unarmed           |    92 |   104 ||   196
       Punch             |     1 |     3 ||     4
       Kick              |     8 |     2 ||    10
       Headbutt          |     2 |     3 ||     5
 Cast: Beastly Appendage |    18 |     7 ||    25
 Stab: Sleeping          |     2 |       ||     2
  Eat: Chunk             |    10 |    13 ||    23
       Bread ration      |     1 |       ||     1
Armor: Robe              |    35 |    37 ||    72
Dodge: Dodged            |    37 |    52 ||    89
